 Dungeon Crawl Stone Soup version 0.31.0-11-ge490571c62 (webtiles) character file.

Game seed: 281154363965024768

261 qw the Shooter (level 5, 0/26 HPs)
             Began as a Spriggan Hunter on Feb 3, 2024.
             Slain by Ijyb
             ... wielding a +1 dagger of flaming
              (2 damage)
             ... on level 4 of the Dungeon.
             The game lasted 00:00:36 (1885 turns).

qw the Shooter (Spriggan Hunter)                    Turns: 1885, Time: 00:00:37

Health: 0/26       AC:  2    Str:  7    XL:     5   Next: 96%
Magic:  6/6        EV: 21    Int: 10    God:
Gold:   154        SH:  5    Dex: 21    Spells: 4/4 levels left

rFire   . . .        a - +0 shortbow (heavy)
rCold   + . .        (shield currently unavailable)
rNeg    . . .        c - +0 robe
rPois   .            (helmet restricted)
rElec   .            (no cloak)
rCorr   .            (gloves unavailable)
SInv    +            (boots unavailable)
Will    .....        f - amulet of reflection
Stlth   ++           d - ring of protection from cold
HPRegen 0.24/turn    (no ring)
MPRegen 0.10/turn

%: reflection
@: very quick
A: very small, no large weapons, unfitting armour, see invisible, speed 3
a: no special abilities


You were on level 4 of the Dungeon.
You visited 1 branch of the dungeon, and saw 4 of its levels.

You collected 154 gold pieces.


Innate Abilities, Weirdness & Mutations

You are very small and have problems with some larger weapons.
You are too small for most types of armour.
You have supernaturally acute eyesight. (SInv)
You cover ground extremely quickly. (Speed+++)


   Skills:
 - Level 2.0 Fighting
 - Level 6.0 Ranged Weapons
 + Level 5.4 Dodging
 - Level 1.5 Stealth


You had 4 spell levels left.
You didn't know any spells.
Your spell library was empty.

Inventory:

Hand Weapons
 a - a +0 heavy shortbow (weapon)
Armour
 c - a +0 robe (worn)
Jewellery
 d - a ring of protection from cold (left hand)
 f - an amulet of reflection (around neck)
Wands
 g - a wand of iceblast (9)
Potions
 b - 3 potions of curing
 e - a potion of enlightenment {unknown}
 h - a potion of cancellation {unknown}
 i - a potion of heal wounds {unknown}
 j - 2 potions of mutation

Dungeon Overview and Level Annotations

Branches:
Dungeon (4/15)
 Temple: D:4-7

Altars:

Annotations:
D:4 Ijyb


Message History

i - a smoky clear potion You see here 4 stones.
Found a dagger.
Ijyb the Twisted Goblin comes into view.
She is wielding a +1 dagger of flaming and carrying a wand of paralysis.
Found a dagger.
You shoot an arrow. The arrow hits Ijyb.
Ijyb shouts!
Ijyb is lightly wounded.
Ijyb zaps a wand.
You easily resist.
You shoot an arrow. The arrow hits Ijyb!!
Ijyb is almost dead.
You shoot an arrow. The arrow barely misses Ijyb.
Ijyb zaps a wand.
You easily resist.
Ijyb screams, "No!
No, no, no, no!"
Ijyb zaps a wand.
You easily resist.
You shoot an arrow. The arrow closely misses Ijyb.
You shoot an arrow. The arrow hits Ijyb but does no damage.
Ijyb is almost dead.
Ijyb hits you with a +1 dagger of flaming.
Ijyb burns you.
Ijyb zaps a wand.
You suddenly lose the ability to move!
Ijyb hits you with a +1 dagger of flaming.
Ijyb burns you.
Ijyb zaps a wand.
You shrug off the repeated paralysis!
Ijyb hits you with a +1 dagger of flaming.
Ijyb burns you. Ijyb completely misses you.
You can move again.
You shoot an arrow. The arrow hits Ijyb but does no damage.
Ijyb is almost dead.
Ijyb hits you with a +1 dagger of flaming.
Ijyb burns you. Ijyb misses you.
You shoot an arrow. The arrow barely misses Ijyb.
Ijyb misses you.
You shoot an arrow. The arrow hits Ijyb but does no damage.
Ijyb is almost dead.
Ijyb misses you. Ijyb barely misses you.
You shoot an arrow. The arrow barely misses Ijyb.
Ijyb hits you with a +1 dagger of flaming.
Ijyb burns you.
You die...

#..........<#
#.#######...#
#.# ##(## #.#
#.# #.# #.# #.#
#.# #.# #.#
##.## #.# #.@g#
#.#
#....#.....)....
#)##. .##.### #
## .# # .# .# .#
.#


You could see Ijyb.

Vanquished Creatures
  A phantom (D:3)
  2 orc priests (D:2)
  Natasha (D:3)
  A gnoll (D:1)
  3 adders
  2 ribbon worms (D:3)
  A dart slug (D:3)
  5 orcs
  3 bats
  3 endoplasms
  2 giant cockroaches (D:1)
  2 goblins
  4 hobgoblins
  4 jackals
  8 kobolds
  2 quokkas
  11 ball pythons
  4 frilled lizards
  7 rats
66 creatures vanquished.

Notes
Turn   | Place    | Note
-------+----------+-------------------------------------------
     0 | D:1      | qw the Spriggan Hunter began the quest for the Orb.
     0 | D:1      | Reached XP level 1. HP: 10/10 MP: 2/2
     0 | D:1      | 0 ||| qw: Version: 0.3-a-155-g5e7d8dd
     0 | D:1      | 0 ||| qw: Game counter: 3524
     0 | D:1      | 0 ||| qw: Melee chars always use a shield: true
     0 | D:1      | 0 ||| qw: God list: Okawaru
     0 | D:1      | 0 ||| qw: Allow faded altars: false
     0 | D:1      | 0 ||| qw: Do Orc after clearing Dungeon:15 true
     0 | D:1      | 0 ||| qw: Do second Lair branch before Depths: true
     0 | D:1      | 0 ||| qw: Lair rune preference: random
     0 | D:1      | 0 ||| qw: Goals: Normal
     0 | D:1      | 0 ||| PLANNING D:1-11
    28 | D:1      | Reached skill level 3 in Dodging
   107 | D:1      | Reached XP level 2. HP: 13/14 MP: 3/3
   487 | D:1      | Reached XP level 3. HP: 18/18 MP: 4/4
   656 | D:1      | 656 ||| UPGRADING to ring of protection from cold.
   657 | D:1      | 657 ||| READING scroll labelled CACOOXZ OHIFRUS.
   661 | D:1      | 661 ||| READING 2 scrolls labelled HIABI TIURUE.
   661 | D:1      | 661 ||| IDENTIFYING purple potion
   662 | D:1      | 662 ||| READING scroll of identify.
   662 | D:1      | 662 ||| IDENTIFYING smoky ruby potion
   663 | D:1      | 663 ||| READING scroll labelled JOSI RUVATTEO.
   663 | D:1      | 663 ||| BRANDING +0 shortbow.
   664 | D:1      | 664 ||| READING scroll labelled XOMAJI LAXUOTH.
   664 | D:1      | 664 ||| ENCHANTING +0 heavy shortbow.
   665 | D:1      | 665 ||| DROPPING scroll of butterflies.
   666 | D:1      | 666 ||| DROPPING potion of brilliance.
   824 | D:2      | Found a faded altar of an unknown god.
   875 | D:2      | Reached skill level 5 in Ranged Weapons
   875 | D:2      | Reached XP level 4. HP: 12/22 MP: 5/5
   878 | D:2      | 878 ||| FLEEEEING.
   879 | D:2      | 879 ||| FLEEEEING.
   880 | D:2      | 880 ||| FLEEEEING.
   881 | D:2      | 881 ||| FLEEEEING.
   882 | D:2      | 882 ||| FLEEEEING.
   883 | D:2      | 883 ||| FLEEEEING.
   884 | D:2      | 884 ||| FLEEEEING.
   885 | D:2      | 885 ||| FLEEEEING.
   886 | D:2      | 886 ||| FLEEEEING.
   887 | D:2      | 887 ||| FLEEEEING.
   889 | D:2      | 889 ||| FLEEEEING.
   890 | D:2      | 890 ||| FLEEEEING.
   891 | D:2      | 891 ||| STAIRDANCE
   919 | D:1      | 919 ||| READING scroll labelled CIOCKUWIPPU.
   920 | D:1      | 920 ||| DRINKING 2 emerald potions.
  1222 | D:3      | Reached XP level 5. HP: 26/26 MP: 6/6
  1413 | D:3      | Noticed a phantom
  1419 | D:3      | Killed a phantom
  1420 | D:3      | Reached skill level 6 in Ranged Weapons
  1643 | D:3      | Noticed Natasha
  1646 | D:3      | Killed Natasha
  1830 | D:3      | 1830 ||| UPGRADING to amulet of reflection.
  1872 | D:4      | Noticed Ijyb
  1877 | D:4      | Paralysed by Ijyb for 5 turns
  1882 | D:4      | HP: 6/26 [Ijyb/+1 dagger of flaming (1)]
  1885 | D:4      | HP: 2/26 [Ijyb/+1 dagger of flaming (6)]
  1885 | D:4      | Slain by Ijyb

Levels and vault maps discovered:
D:1:      heliophobic_arrival_battle_scene, layout_loops_ring,
          minmay_indecisive_spiral
D:2:      layout_rooms, shapermc_ecumenical_altar_petra,
          chequers_serial_rivers_micro_d
D:3:      layout_loops_ring, kennysheep_another_room, kennysheep_doodads,
          uniq_natasha
D:4:      layout_loops_ring, ebering_ghost_sewer_f, uniq_pargi, uniq_eustachio,
          uniq_ijyb

Skill      XL: |  1  2  3  4  5 |
---------------+----------------+-----
Dodging        | 3 4 5 |  5.4
Ranged Weapons | 5 6 |  6.0
Fighting       | 2 |  2.0
Stealth        | |  1.5

Action                     |  1- 3 |  4- 6 || total
---------------------------+-------+-------++-------
   Fire: Shortbow          |    78 |    66 ||   144
    Use: Scroll            |     5 |     1 ||     6
         Potion            |       |     1 ||     1
 Armour: Robe              |     7 |     8 ||    15
  Dodge: Dodged            |    17 |    30 ||    47

Table legend:
 A = Non-vault XP
 B = Vault XP
 C = Vault XP percentage of total XP
 D = Non-vault monster count
 E = Vault monster count
 F = Vault count percentage of total count
                 A         B        C        D         E       F
            +---------+---------+-------+---------+---------+-------
      Total |     332 |      41 |  11.0 |      61 |       5 |   7.6
            +---------+---------+-------+---------+---------+-------
        D:1 |      49 |       5 |   9.3 |      24 |       4 |  14.3
        D:2 |     110 |       0 |   0.0 |      13 |       0 |   0.0
        D:3 |     173 |      36 |  17.2 |      24 |       1 |   4.0
            +---------+---------+-------+---------+---------+-------
